 Dungeon Crawl Stone Soup version 0.27-a0-1144-g0b7d3b79db (webtiles) character file.

Game seed: 866745394920821480

7693 Drazool the Destroyer (level 10, 0/81 HPs)
             Began as a Demigod Conjurer on May 10, 2021.
             Slain by a black mamba (12 damage)
             ... on level 1 of the Lair of Beasts on May 11, 2021.
             The game lasted 00:49:11 (14871 turns).

Drazool the Destroyer (Demigod Conjurer)           Turns: 14871, Time: 00:49:12

Health: 0/81       AC:  9    Str: 16    XL:     10   Next: 68%
Magic:  2/21       EV: 11    Int: 24    God:
Gold:   521        SH:  0    Dex: 12    Spells: 4/19 levels left

rFire    . . .     SeeInvis .   a - +2 dagger (drain)
rCold    . . .     Faith    .   (no shield)
rNeg     . . .     Spirit   .   k - +0 ring mail
rPois    .         Reflect  .   o - +2 hat
rElec    .         Harm     .   (no cloak)
rCorr    .         Rampage  .   (no gloves)
Will     +....                  n - +1 pair of boots
Stlth    +.........             (no amulet)
HPRegen  0.23/turn              (no ring)
MPRegen  0.17/turn              (no ring)

@: about to teleport, hasted, very quick
A: high mp 1, forlorn
a: no special abilities


You were on level 1 of the Lair of Beasts.
You visited 2 branches of the dungeon, and saw 11 of its levels.
You also visited: Sewer.

You collected 579 gold pieces.
You spent 58 gold pieces at shops.


Innate Abilities, Weirdness & Mutations

Your attributes grow dramatically as you level up.
You have an increased reservoir of magic. (+10% MP)
You shall have no god before yourself.


   Skills:
 - Level 5.0 Fighting
 - Level 2.8 Short Blades
 - Level 1.7 Dodging
 - Level 1.7 Stealth
 - Level 5.0 Spellcasting
 - Level 10.0 Conjurations
 - Level 5.0 Hexes
 + Level 8.2 Translocations


You had 4 spell levels left.
You knew the following spells:

 Your Spells              Type           Power      Damage    Failure   Level
f - Fulminant Prism       Conj/Hex       21%        3d13      8%          4
m - Magic Dart            Conj           100%       1d8       1%          1
s - Searing Ray           Conj           100%       3d7       1%          2
X - Iskenderun's Mystic   Conj/Tloc      49%        2d11      4%          4
Y - Hailstorm             Conj/Ice       30%        3d8       22%         4

Your spell library contained the following spells:

 Spells                   Type           Power      Damage    Failure   Level
 Dazzling Flash           Conj/Hex       84%        N/A       2%          3
 Beastly Appendage        Tmut           12%        N/A       17%         1
 Freeze                   Ice            24%        1d5       17%         1
 Wereblood                Tmut           6%         N/A       26%         2
 Frozen Ramparts          Ice            12%        1d3       45%         3
 Ozocubu's Armour         Ice            6%         N/A       45%         3
 Spider Form              Tmut/Pois      3%         N/A       45%         3
 Ice Form                 Ice/Tmut       6%         N/A       86%         4
 Metabolic Englaciation   Hex/Ice        9%         N/A       86%         5
 Hydra Form               Tmut           3%         N/A       99%         5

Inventory:

Hand Weapons
 a - a +2 dagger of draining (weapon)
 e - a +2 glaive
 h - a +0 hand axe
 s - a +3 morningstar
 G - a +2 short sword of holy wrath
Missiles
 j - 3 boomerangs of dispersal {=f}
 z - a throwing net {=f}
Armour
 f - a +0 scale mail
 k - a +0 ring mail (worn)
 m - a +0 robe
 n - a +1 pair of boots (worn)
 o - a +2 hat (worn)
 B - +0 gold dragon scales
Magical Staves
 b - a staff of conjuration {!a}
 y - a staff of fire {!a}
 A - a staff of cold {!a}
Wands
 l - a wand of digging (7)
 C - a wand of mindburst (11)
 H - a wand of flame (18)
 I - a wand of acid (13)
Scrolls
 c - 4 scrolls of teleportation {@r4}
 p - a scroll of holy word
 x - a scroll of fog
Potions
 d - a potion of invisibility {unknown}
 g - 2 potions of cancellation
 i - a potion of ambrosia
 r - a potion of attraction
 t - 2 potions of haste {@q3}
 u - a potion of heal wounds {unknown}
 v - a potion of brilliance
 D - 2 potions of berserk rage {!q}
 E - a potion of mutation {unknown}
 F - a potion of magic {unknown}

Dungeon Overview and Level Annotations

Branches:
Dungeon (10/15)            Temple (0/1) D:4            Lair (1/6) D:8
    Orc (0/2) D:9           Sewer (visited)

Shops:
D:4 ([   D:9 (

Annotations:
D:4 1 runed translucent door, Sobieck's ghost, novice VSFi
D:9 Urug

.... . ##...((#.......#.
P...### ##..(##.#..####
#......######.....#.########
.......>....#.....#.........
.............⌠.>.⌠..........
......†.....#.....#.........
.......##.###..Y.##....P###.
#....†# ### ###SS......##
#..... #...@........ #P...
######........ ##...
#......... #.. ..........
### ...## ...#


You could see a black mamba (drained), a yak and a water moccasin.


Message History

You throw a curare-tipped dart {=f}.
The curare-tipped dart {=f} completely misses the black mamba.
Your magical contamination has completely faded away.
You closely miss the black mamba.
The black mamba is almost dead.
The water moccasin bites you but does no damage.
The black mamba barely misses you.
You hit the black mamba but do no damage.
The black mamba is almost dead.
The black mamba bites you.
* * * LOW HITPOINT WARNING * * *
You are lethally poisoned!
The black mamba poisons you! The water moccasin bites you.
* * * LOW HITPOINT WARNING * * *
You are more poisoned.
The water moccasin poisons you!
You feel better. The black mamba bites you!
* * * LOW HITPOINT WARNING * * *
You are lethally poisoned!
The black mamba poisons you!
As you read the scroll of teleportation {@r4}, it crumbles to dust.
You feel strangely unstable.
* * * LOW HITPOINT WARNING * * *
You feel very sick.
The water moccasin bites you but does no damage.
The black mamba misses you.
You feel better. The black mamba closely misses you.
The water moccasin misses you. The black mamba bites you!
You die...

Skill      XL: |  1  2  3  4  5  6  7  8  9 10 |
---------------+-------------------------------+-----
Spellcasting   | 2 3 4 5 |  5.0
Conjurations   | 4 5 6 9 10 | 10.0
Hexes          | 1 3 5 |  5.0
Translocations | 1 3 5 8 |  8.2
Fighting       | 4 5 |  5.0
Short Blades   | 2 |  2.8
Dodging        | |  1.7
Stealth        | |  1.7

Action                   |  1- 3 |  4- 6 |  7- 9 | 10-12 || total
-------------------------+-------+-------+-------+-------++-------
Melee: Glaive            |     2 |       |       |       ||     2
       Hand axe          |     3 |     8 |       |       ||    11
       Dagger            |       |    36 |    31 |    18 ||    85
       Staff             |       |       |       |     1 ||     1
Throw: Throwing net      |       |       |     4 |       ||     4
       Dart              |       |       |     1 |     3 ||     4
       Boomerang         |       |       |       |     1 ||     1
 Cast: Magic Dart        |    64 |    40 |    82 |    29 ||   215
       Searing Ray       |     5 |    31 |    86 |    27 ||   149
       Fulminant Prism   |       |       |       |     5 ||     5
       Iskenderun's Myst |       |       |       |     2 ||     2
  Use: Scroll            |     5 |     3 |     8 |     9 ||    25
       Potion            |       |       |       |     8 ||     8
Armor: Robe              |     4 |     1 |       |       ||     5
       Ring mail         |       |    29 |    60 |    17 ||   106
Dodge: Dodged            |     6 |    26 |    84 |    48 ||   164

Levels and vault maps discovered:
D:1:      moated_graveyard_arrival, layout_basic, corexii_leaking_fountain
D:2:      layout_rooms, hellmonk_ecumenical_altar_leap_of_faith,
          serial_park_tiny_2, item_on_display_b
D:3:      layout_loops_cross, chequers_temple_overflow_statue_of_worship
D:4:      layout_loops_ring, kennysheep_mini_moat,
          minmay_temple_entry_enclosed_plants, ebering_ghost_reflecting_pool,
          serial_shops, shop, nicolae_shop_crystal, serial_co_window_serial,
          co_window_paths_b, co_window_corner_a, co_window_cross_1,
          co_window_corner_a, co_window_paths_a, co_window_corner_b,
          co_window_broadway_a, co_window_paths_c, co_window_corner_ca,
          co_window_broadway_c, glass_columns_a, glass_columns_a
D:5:      layout_basic, gup_sewer_entry_bowl
D:6:      layout_cave_pods, minivault_14, uniq_edmund
D:7:      layout_cave_pools
D:8:      layout_cave_pools, nicolae_hepliaklqana_monster_ancestors,
          david_lair_generic, skrybe_limestone_x,
          hangedman_abyss_or_decor_stabs, minivault_12
D:9:      kennysheep_spiral_hall, layout_loops_cross, orc_0_dummy, serial_shops,
          nicolae_shop_behind_doors, glass_columns_a, kennysheep_generic_room_13
D:10:     layout_irregular_city, minivault_4, uniq_urug
Lair:1:   layout_cellular_growth, grunt_megastairs_1

Notes
Turn   | Place    | Note
-------+----------+-------------------------------------------
     0 | D:1      | Drazool the Demigod Conjurer began the quest for the Orb.
     0 | D:1      | Reached XP level 1. HP: 14/14 MP: 5/5
   179 | D:1      | Reached skill level 2 in Spellcasting
   556 | D:1      | Reached XP level 2. HP: 20/20 MP: 5/7
   563 | D:1      | Learned a level 2 spell: Searing Ray
   754 | D:1      | Reached skill level 4 in Conjurations
  1943 | D:3      | Reached XP level 3. HP: 26/26 MP: 7/9
  2381 | D:3      | Reached skill level 3 in Spellcasting
  2381 | D:3      | Reached XP level 4. HP: 16/33 MP: 5/11
  3446 | D:4      | Reached XP level 5. HP: 37/38 MP: 4/13
  3534 | D:4      | Found Qoaqir's Armour Boutique.
  3559 | D:4      | Reached skill level 5 in Conjurations
  3760 | D:4      | Bought a +0 pair of boots for 58 gold pieces
  3887 | D:4      | Learned a level 4 spell: Fulminant Prism
  3940 | D:4      | Reached skill level 4 in Spellcasting
  4100 | D:4      | Found Commob's Weapon Shoppe.
  4175 | D:4      | Reached XP level 6. HP: 44/45 MP: 11/15
  4181 | D:4      | Learned a level 4 spell: Iskenderun's Mystic Blast
  4481 | D:4      | Found a staircase to the Ecumenical Temple.
  4769 | D:4      | Found a runed translucent door.
  4771 | D:4      | Noticed Sobieck's ghost (novice VSFi)
  5001 | D:5      | Entered Level 5 of the Dungeon
  5132 | D:5      | Reached skill level 1 in Hexes
  5132 | D:5      | Reached skill level 1 in Translocations
  5370 | D:5      | Reached XP level 7. HP: 50/50 MP: 12/17
  5452 | D:5      | Reached skill level 6 in Conjurations
  5530 | D:5      | Reached skill level 2 in Hexes
  5536 | D:5      | Found a glowing drain.
  5540 | Sewer    | Entered a sewer
  5561 | Sewer    | Reached skill level 2 in Translocations
  7063 | D:6      | Reached skill level 5 in Spellcasting
  7070 | D:6      | Reached skill level 3 in Hexes
  7070 | D:6      | Reached skill level 3 in Translocations
  7358 | D:6      | Reached XP level 8. HP: 42/57 MP: 7/19
  7361 | D:6      | Reached skill level 4 in Hexes
  7361 | D:6      | Reached skill level 4 in Translocations
  7860 | D:6      | Reached skill level 5 in Hexes
  7860 | D:6      | Reached skill level 5 in Translocations
  7905 | D:6      | Noticed Edmund
  7921 | D:6      | Killed Edmund
  7922 | D:6      | Reached skill level 2 in Fighting
  8355 | D:6      | Reached skill level 3 in Fighting
  9037 | D:6      | Reached skill level 4 in Fighting
  9307 | D:6      | Reached XP level 9. HP: 62/73 MP: 13/20
  9372 | D:6      | Reached skill level 5 in Fighting
  9372 | D:6      | Reached skill level 1 in Short Blades
  9794 | D:7      | Reached skill level 2 in Short Blades
 10409 | D:8      | Noticed a cyclops
 10724 | D:8      | Reached skill level 7 in Conjurations
 10904 | D:8      | Killed a cyclops
 10905 | D:8      | Reached skill level 8 in Conjurations
 11328 | D:8      | Found a staircase to the Lair.
 11398 | D:8      | Noticed a two-headed ogre
 11661 | D:8      | Noticed a gargoyle
 11661 | D:8      | Noticed a cyclops
 11661 | D:8      | Noticed a komodo dragon
 11670 | D:8      | Noticed a two-headed ogre
 11670 | D:8      | Noticed a lindwurm
 11843 | D:9      | Reached skill level 9 in Conjurations
 11946 | D:9      | Reached XP level 10. HP: 77/81 MP: 16/21
 12224 | D:9      | Found Tosimig's Antique Weapon Emporium.
 12542 | D:9      | Reached skill level 10 in Conjurations
 12864 | D:9      | Found a staircase to the Orcish Mines.
 13112 | D:10     | Entered Level 10 of the Dungeon
 13136 | D:10     | Noticed Urug
 13145 | D:10     | Identified a potion of resistance
 13449 | D:10     | Identified a scroll of acquirement
 13449 | D:10     | Acquired a staff of conjuration
 13714 | D:10     | Learned a level 4 spell: Hailstorm
 13877 | D:10     | Reached skill level 6 in Translocations
 14534 | Lair:1   | Entered Level 1 of the Lair of Beasts
 14560 | Lair:1   | Reached skill level 7 in Translocations
 14788 | Lair:1   | Reached skill level 8 in Translocations
 14834 | Lair:1   | Noticed a black mamba
 14867 | Lair:1   | HP: 7/81 [water moccasin (6)]
 14869 | Lair:1   | HP: 3/81 [poisoned by a black mamba]
 14871 | Lair:1   | Slain by a black mamba

Vanquished Creatures
  A cyclops (D:8)
  A gargoyle (D:10)
  2 cane toads (Lair:1)
  A komodo dragon (Lair:1)
  A troll (D:9)
  2 hornets
  A shadow (D:9)
  2 wyverns
  2 yaks (Lair:1)
  Edmund (D:6)
  An acid dragon (D:9)
  3 water moccasins
  A hornet zombie (D:6)
  A sky beast (D:6)
  An ice beast (D:6)
  An ogre (D:6)
  An orc warrior (D:8)
  4 black bears
  2 necrophages
  3 centaurs
  A phantom (D:4)
  6 bullfrogs
  7 kobold brigands
  2 wyvern zombies
  A water moccasin skeleton (D:6)
  A water moccasin zombie (D:6)
  6 howler monkeys
  5 wights (D:6)
  2 electric eels (D:6)
  5 hounds
  4 centaur zombies
  2 jellies
  2 bullfrog skeletons (D:6)
  2 orc priests
  A gnoll shaman (D:9)
  2 iguanas
  7 orc wizards
  A killer bee zombie (D:7)
  A hound skeleton (D:4)
  14 gnolls
  10 adders
  2 shadow imps
  A white imp (D:6)
  An ufetubus (D:5)
  3 worms
  A dart slug (D:1)
  24 orcs
  An endoplasm (D:3)
  2 giant cockroaches (D:1)
  8 hobgoblins
  8 jackals
  31 kobolds
  9 quokkas
  8 ball pythons
  2 bats
  6 frilled lizards
  7 goblins
  6 rats
  A spectral kobold (D:8)
235 creatures vanquished.

Vanquished Creatures (others)
  5 fulminant prisms (Lair:1)
  2 fungi (Lair:1)
  17 plants
24 creatures vanquished.

Grand Total: 259 creatures vanquished

Table legend: (Time is in decaauts)
 A = Elapsed time spent in this place.
 B = Non-inter-level travel time spent in this place.
 C = Inter-level travel time spent in this place.
 D = Time resting spent in this place.
 E = Time spent auto-exploring this place.
 F = Levels seen in this place.
 G = Mean time per level.
                   A        B        C        D        E       F      G
               +--------+--------+--------+--------+--------+-----+--------+
         Total |  15078 |  14558 |    520 |   1303 |  11276 |  12 | 1256.5 |
       Dungeon |  13566 |  13047 |    519 |   1287 |  10097 |  10 | 1356.6 |
          Lair |    326 |    326 |      0 |      0 |    257 |   1 |  326.0 |
         Sewer |   1184 |   1184 |      0 |     16 |    921 |   1 | 1184.0 |
               +--------+--------+--------+--------+--------+-----+--------+

Top non-repeatable levels by time:
     D:6: 2456 daAuts
     D:4: 1767 daAuts
     D:9: 1702 daAuts
     D:3: 1324 daAuts
     D:8: 1314 daAuts
     D:1: 1270 daAuts
   Sewer: 1184 daAuts
    D:10: 1087 daAuts
     D:5: 1042 daAuts
     D:7: 955 daAuts
     D:2: 644 daAuts
  Lair:1: 326 daAuts

Table legend:
 A = Non-vault XP
 B = Vault XP
 C = Vault XP percentage of total XP
 D = Non-vault monster count
 E = Vault monster count
 F = Vault count percentage of total count
                 A         B        C        D         E       F
            +---------+---------+-------+---------+---------+-------
      Total |    9266 |    1724 |  15.7 |     197 |      38 |  16.2
            +---------+---------+-------+---------+---------+-------
        D:1 |      27 |       0 |   0.0 |      15 |       0 |   0.0
        D:2 |      18 |       0 |   0.0 |      10 |       0 |   0.0
        D:3 |     120 |       0 |   0.0 |      18 |       0 |   0.0
        D:4 |     449 |       0 |   0.0 |      32 |       0 |   0.0
        D:5 |     510 |      12 |   2.3 |      13 |       3 |  18.8
        D:6 |    1915 |     166 |   8.0 |      37 |       1 |   2.6
        D:7 |     362 |       0 |   0.0 |      10 |       0 |   0.0
        D:8 |    1626 |     471 |  22.5 |      17 |       5 |  22.7
        D:9 |    1412 |     785 |  35.7 |      19 |       5 |  20.8
       D:10 |    1044 |       0 |   0.0 |      19 |       0 |   0.0
     Lair:1 |    1783 |     196 |   9.9 |       7 |       1 |  12.5
      Sewer |       0 |      94 | 100.0 |       0 |      23 | 100.0
            +---------+---------+-------+---------+---------+-------
